 Dungeon Crawl Stone Soup version 0.19.5 (webtiles) character file.

5971 Jerry the Firebug (level 10, -5/69 HPs)
             Began as a Demigod Fire Elementalist on Apr 10, 2017.
             Slain by a crocodile (10 damage)
             ... on level 1 of the Lair of Beasts.
             The game lasted 00:42:45 (12393 turns).

Jerry the Firebug (Demigod Fire Elementalist)      Turns: 12393, Time: 00:42:46

Health: -5/69      AC: 14    Str: 11    XL:     10   Next: 30%
Magic:  9/24       EV: 12    Int: 25    God:
Gold:   642        SH:  0    Dex: 16    Spells: 5 memorised, 11 levels left

rFire  . . .     SeeInvis .     s - +4 quarterstaff (chaos)
rCold  . . .     Gourm    .     L - +0 troll leather armour
rNeg   . . .     Faith    .     (shield currently unavailable)
rPois  .         Spirit   .     F - +1 helmet
rElec  .         Reflect  .     r - +0 cloak
rCorr  .         Harm     .     (no gloves)
MR     +....                    G - +2 pair of boots {Stlth+}
Stlth  ++++......               B - amulet of rage
                                (no ring)
                                m - +4 ring of protection

@: very slightly contaminated, hasted, very quick
A: high mp 1
a: Evoke Berserk Rage


You were on level 1 of the Lair of Beasts.
You were very hungry.

You visited 2 branches of the dungeon, and saw 10 of its levels.

You collected 642 gold pieces.

Inventory:

Hand Weapons
 p - a +1 spear of venom
 s - a +4 quarterstaff of chaos (weapon)
 y - a +1 falchion of flaming
 N - the +4 war axe "Uzuluuto" {chop, rElec rC+, unknown}
   (You found it on level 9 of the Dungeon)

   It inflicts extra damage upon your enemies.
   It protects you from cold.
   It insulates you from electricity.
Armour
 a - a +0 robe
 r - a +0 cloak (worn)
 F - a +1 helmet (worn)
 G - a +2 pair of boots of stealth (worn)
 L - a +0 troll leather armour (worn)
Jewellery
 m - a +4 ring of protection (left hand)
 B - an amulet of rage (around neck)
Wands
 w - a wand of digging (10/24)
 A - a wand of flame (29/48)
 I - a wand of flame (15/48)
 K - a wand of iceblast (5/15)
 P - a wand of heal wounds (0/9)
Scrolls
 e - 5 scrolls of identify
 i - 2 scrolls of blinking
 j - 2 scrolls of remove curse
 o - 4 scrolls of fog
 v - a scroll of enchant weapon {unknown}
 x - 7 scrolls of teleportation
 H - a scroll of torment {unknown}
 J - a scroll of recharging {unknown}
 M - a scroll of enchant armour
 O - a scroll of fear {unknown}
 Q - a scroll of immolation
Potions
 d - 2 potions of agility
 g - 4 potions of curing {unknown}
 h - a potion of haste
 k - a potion of might {unknown}
 l - 3 potions of flight {unknown}
 n - 2 potions of lignification {unknown}
 u - a potion of cancellation {unknown}
 z - 3 potions of heal wounds {unknown}
 C - a potion of mutation {unknown}
Books
 b - a book of Flames

   Spells                             Type                      Level
   a - Flame Tongue                   Conjuration/Fire             1
   b - Throw Flame                    Conjuration/Fire             2
   c - Conjure Flame                  Conjuration/Fire             3
   d - Inner Flame                    Hexes/Fire                   3
   e - Sticky Flame                   Conjuration/Fire             4
   f - Fireball                       Conjuration/Fire             5
 D - a book of Callings

   Spells                             Type                      Level
   a - Summon Small Mammal            Summoning                    1
   b - Call Imp                       Summoning                    2
   c - Call Canine Familiar           Summoning                    3
   d - Summon Guardian Golem          Hexes/Summoning              3
   e - Summon Lightning Spire         Summoning/Air                4
   f - Summon Ice Beast               Ice/Summoning                4
Comestibles
 c - 3 bread rations
 f - 4 fruits
 q - 4 slices of pizza
 t - 3 meat rations
 E - a beef jerky


   Skills:
 + Level 3.1 Armour
 - Level 1.7 Dodging
 - Level 5.2 Stealth
 + Level 7.0 Spellcasting
 + Level 7.0 Conjurations
 + Level 4.9 Summonings
 + Level 7.7 Fire Magic


You had 11 spell levels left.
You knew the following spells:

 Your Spells              Type           Power        Failure   Level  Hunger
a - Flame Tongue          Conj/Fire      #####        1%          1    None
b - Throw Flame           Conj/Fire      #####.       1%          2    None
c - Conjure Flame         Conj/Fire      #####...     1%          3    None
d - Sticky Flame          Conj/Fire      #####...     4%          4    ###....
e - Call Imp              Summ           ####....     1%          2    None


Dungeon Overview and Level Annotations

Branches:
Dungeon (9/15)             Temple (0/1) D:5            Lair (1/6) D:9
    Orc: D:9-12


Innate Abilities, Weirdness & Mutations

You have an increased reservoir of magic. (+10% MP)


Message History

The puff of flame hits the plant.
The plant is lightly damaged.
The ice encasing you melts away. Something bites you but does no damage.
Casting: Throw Flame
Confirm with . or Enter, or press ? or * to list all spells.
Aiming: Throw Flame
Press: ? - help, Shift-Dir - straight line, f/p - rime drake
Aim: a rime drake (almost dead)
The puff of flame hits the rime drake.
You kill the rime drake!
Your Spellcasting skill increases to level 7!
Your Conjurations skill increases to level 7!
Something bites you!
* * * LOW HITPOINT WARNING * * *
Evoke which item? (* to show all) (? for menu, Esc to quit)
Zapping:
P - a wand of heal wounds {zapped: 5} (will waste charges)
Press: ? - help, Shift-Dir - straight line, f - you Nothing appears to happen.
Something bites you!
You die...

#... .. #..... # ..>..#
#....# ##+# .# .....###.
##....# ##P.## ..# .....##..#
#.....###....##..#
.....###.###................#
............................#
.................†..........#
................@...........#
.................######.....#
.................# .....#
#...#.##.###.....# k....#
#...#............# ...#.#
P...#.......#....# ...# #
#=..#.......#....# ....
#...#............# ...P.#
#....##..###.....# ..P.#


There were no monsters in sight!

Vanquished Creatures
  A rime drake (Lair:1)
  The ghost of smzp the Magician, a novice DsIE of Makhleb (D:5)
  A troll (D:8)
  2 hippogriffs
  A wyvern (shapeshifter) (D:8)
  2 wyverns
  3 wargs (D:9)
  2 water moccasins
  3 orc warriors (D:7)
  2 ice beasts
  A black bear (D:7)
  A sky beast (D:6)
  A phantom (D:6)
  2 ogres
  6 centaurs
  8 bullfrogs
  A scorpion (D:7)
  4 killer bees (D:9)
  3 howler monkeys
  A centaur zombie (D:5)
  5 crimson imps
  9 orc priests
  5 hounds
  9 orc wizards
  Crazy Yiuf (D:3)
  2 bullfrog skeletons
  2 centaur skeletons
  6 worker ants
  3 iguanas
  An iguana (shapeshifter) (D:8)
  A killer bee zombie (D:8)
  A hound zombie (D:6)
  A worker ant zombie (D:5)
  3 gnolls
  A howler monkey skeleton (D:7)
  8 adders
  2 shadow imps
  An ooze (D:7)
  2 worms
  2 dart slugs (D:1)
  13 leopard geckos
  38 orcs
  2 ball pythons (D:2)
  10 bats
  6 giant cockroaches
  11 goblins
  11 hobgoblins
  4 jackals
  7 quokkas
  8 frilled lizards
  7 kobolds
  A leopard gecko skeleton (D:4)
  A quokka zombie (D:5)
  6 rats
  A fungus (D:3)
237 creatures vanquished.

Vanquished Creatures (others)
  A water moccasin zombie (D:6)
1 creature vanquished.

Grand Total: 238 creatures vanquished

Notes
Turn   | Place    | Note
-------+----------+-------------------------------------------
     0 | D:1      | Jerry the Demigod Fire Elementalist began the quest for the Orb.
     0 | D:1      | Reached XP level 1. HP: 14/14 MP: 5/5
     1 | D:1      | Found a shimmering altar of Xom.
    19 | D:1      | Reached skill level 1 in Conjurations
   420 | D:1      | Reached XP level 2. HP: 20/20 MP: 4/7
   525 | D:1      | Learned a level 2 spell: Throw Flame
  1210 | D:2      | Reached XP level 3. HP: 26/26 MP: 0/9
  1431 | D:2      | Found a sacrificial altar of Ru.
  1680 | D:2      | Found a blossoming altar of Fedhas.
  1773 | D:2      | Reached XP level 4. HP: 29/33 MP: 6/10
  1849 | D:2      | Found a sparkling altar of Nemelex Xobeh.
  1849 | D:2      | Found a faded altar of an unknown god.
  1854 | D:2      | Found a faded altar of an unknown god.
  1856 | D:2      | Found a faded altar of an unknown god.
  1857 | D:2      | Found a faded altar of an unknown god.
  1923 | D:2      | Found a glowing golden altar of the Shining One.
  2336 | D:3      | Reached XP level 5. HP: 38/38 MP: 8/12
  2704 | D:3      | Found a faded altar of an unknown god.
  2737 | D:3      | Found a shadowy altar of Dithmenos.
  2737 | D:3      | Found a white marble altar of Elyvilon.
  3302 | D:3      | Learned a level 3 spell: Conjure Flame
  3307 | D:3      | Learned a level 4 spell: Sticky Flame
  3646 | D:3      | Reached XP level 6. HP: 45/45 MP: 4/13
  4275 | D:3      | Found a runed door.
  4279 | D:3      | Noticed Crazy Yiuf
  4285 | D:3      | Killed Crazy Yiuf
  4935 | D:4      | Found a burning altar of Makhleb.
  4948 | D:4      | Reached XP level 7. HP: 45/50 MP: 0/16
  5623 | D:5      | Entered Level 5 of the Dungeon
  5835 | D:5      | Noticed smzp's ghost (novice DsIE)
  6814 | D:5      | Found a staircase to the Ecumenical Temple.
  6867 | D:5      | Reached skill level 5 in Fire Magic
  7029 | D:5      | Killed smzp's ghost
  7029 | D:5      | Reached skill level 5 in Stealth
  7029 | D:5      | Reached XP level 8. HP: 57/57 MP: 16/18
  7370 | D:6      | Learned a level 2 spell: Call Imp
  7399 | D:6      | Reached skill level 5 in Spellcasting
  7399 | D:6      | Reached skill level 5 in Conjurations
  7419 | D:6      | Reached skill level 1 in Summonings
  8508 | D:7      | Found an opulent altar of Gozag.
  8561 | D:7      | Noticed a hippogriff
  8570 | D:7      | Killed a hippogriff
  8570 | D:7      | Reached XP level 9. HP: 62/62 MP: 9/21
  9142 | D:8      | Found a hazy altar of Hepliaklqana.
  9528 | D:7      | HP: 3/62 [orc warrior/mace (9)]
  9553 | D:7      | HP: 2/62 [orc warrior/mace (6)]
 10492 | D:8      | Reached skill level 1 in Armour
 11077 | D:9      | Got a slimy war axe
 11178 | D:9      | Found a staircase to the Lair.
 11258 | D:9      | Reached XP level 10. HP: 29/69 MP: 5/24
 11614 | D:9      | Found a deep blue altar of Sif Muna.
 11911 | Lair:1   | Entered Level 1 of the Lair of Beasts
 12379 | Lair:1   | HP: 2/69 [something (7)]
 12393 | Lair:1   | Slain by a crocodile

Skill      XL: |  1  2  3  4  5  6  7  8  9 10 |
---------------+-------------------------------+-----
Conjurations   | 1 2 3 4 5 6 7 |  7.0
Stealth        | 2 3 4 5 |  5.2
Spellcasting   | 2 3 4 5 6 7 |  7.0
Fire Magic     | 3 4 5 6 7 |  7.7
Summonings     | 2 4 |  4.9
Armour         | 2 3 |  3.1
Dodging        | |  1.7

Action                   |  1- 3 |  4- 6 |  7- 9 | 10-12 || total
-------------------------+-------+-------+-------+-------++-------
Melee: Dagger            |     3 |   104 |       |       ||   107
       Quarterstaff      |       |     3 |   199 |    44 ||   246
 Cast: Flame Tongue      |    59 |    84 |   146 |    33 ||   322
       Throw Flame       |       |    28 |    97 |     7 ||   132
 Abil: Evoke Berserk Rag |       |       |     1 |     1 ||     2
Evoke: Wand              |       |       |       |     2 ||     2
  Use: Scroll            |       |     5 |     9 |     1 ||    15
       Potion            |       |       |     1 |     1 ||     2
 Stab: Paralysed         |     1 |       |     1 |     1 ||     3
       Distracted        |       |     1 |     2 |       ||     3
       Sleeping          |       |     1 |     9 |     1 ||    11
       Petrified         |       |       |     5 |       ||     5
       Petrifying        |       |       |     1 |       ||     1
  Eat: Chunk             |     3 |    11 |    20 |     4 ||    38
Armor: Robe              |     9 |    30 |    77 |       ||   116
       Troll leather arm |       |       |    46 |    47 ||    93
Dodge: Dodged            |    15 |    68 |   206 |    67 ||   356
